 Dungeon Crawl Stone Soup version 0.31-a0-716-gc7603755dd (webtiles) character file.

Game seed: 2983577804840714042

97 dialectric the Cudgeller (level 4, -1/32 HPs)
             Began as an Octopode Berserker on Sept 10, 2023.
             Was a Believer of Trog.
             Killed by nerve-wracking pain
             ... invoked by Jessica
              (7 damage)
             ... on level 3 of the Dungeon.
             The game lasted 00:01:54 (2026 turns).

dialectric the Cudgeller (Octopode Berserker)       Turns: 2026, Time: 00:01:54

Health: -1/32      AC:  1    Str: 18    XL:     4   Next: 68%
Magic:  4/4        EV: 13    Int:  9    God:    Trog [**....]
Gold:   197        SH:  0    Dex: 11    Spells: 3/3 levels left

rFire   . . .        a - +0 mace
rCold   . . .        (no shield)
rNeg    . . .        (helmet restricted)
rPois   .            (no amulet)
rElec   .            (no ring)
rCorr   .            (no ring)
SInv    .            (no ring)
Will    .....        (no ring)
Stlth   +++          (no ring)
HPRegen 0.25/turn    (no ring)
MPRegen 0.09/turn    (no ring)
                     (no ring)

%: no passive effects
@: no status effects
A: almost no armour, amphibious, 8 rings, camouflage 1, gelatinous body 1,
(nimble swimmer 1), tentacles
a: Renounce Religion, Berserk, Trog's Hand


You were on level 3 of the Dungeon.
You worshipped Trog.
Trog was pleased with you.
You visited 1 branch of the dungeon, and saw 3 of its levels.

You collected 197 gold pieces.

Inventory:

Hand Weapons
 a - a +0 mace (weapon)
Jewellery
 b - a ring of poison resistance
Scrolls
 c - a scroll of fear {unknown}
 e - a scroll of enchant weapon {unknown}
 f - 3 scrolls of identify {unknown}
 g - 2 scrolls of teleportation {unknown}
 h - a scroll of vulnerability {unknown}
Potions
 d - 2 potions of brilliance {unknown}
 i - a potion of magic {unknown}
 j - 2 potions of attraction {unknown}
 k - a potion of degeneration {unknown}
 l - a potion of haste {unknown}
 m - a potion of might {unknown}
 n - a potion of heal wounds {unknown}


   Skills:
 + Level 3.6 Fighting
 * Level 4.0 Maces & Flails
 + Level 3.5 Dodging
 + Level 2.4 Stealth


You had 3 spell levels left.
You didn't know any spells.
Your spell library was empty.

Dungeon Overview and Level Annotations

Branches:
Dungeon (3/15)

Altars:
Fedhas
Gozag

Shops:
D:2 [   D:3 [

Annotations:
D:3 Jessica


Innate Abilities, Weirdness & Mutations

You cannot wear most types of armour.
You are amphibious.
You can wear up to eight rings at the same time.
Your skin changes colour to match your surroundings (Stealth+).
Your rubbery body absorbs attacks. (AC +1, EV +1)
((You are camouflaged when in or above water. (Stealth+)))
You have tentacles for arms and can constrict up to eight enemies at once.


Message History

No target in view!
You open the door.
A quokka and Jessica come into view.
Found Jessica's Monograph on Charms and 3 scrolls labelled LIDUCS FO SIDE.
Found three items.
There is an open door here.
There are monsters nearby!
There are monsters nearby!
There are monsters nearby!
Jessica shouts!
You hit Jessica. Your grab misses Jessica. Your squeeze misses Jessica.
Jessica is moderately wounded.
The quokka bites you. Jessica gestures at you while chanting.
Pain shoots through your body! The quokka barely misses you.
You are too injured to fight recklessly!
You are too injured to fight recklessly!
You are too injured to fight recklessly!
You are too injured to fight recklessly!
You are too injured to fight recklessly!
You are too injured to fight recklessly!
You are too injured to fight recklessly!
Unknown command.
You barely miss Jessica. Your grab misses Jessica.
Jessica is moderately wounded.
The quokka barely misses you.
Jessica mumbles something strange.
Jessica hits you with a +0 dagger.
* * * LOW HITPOINT WARNING * * *
You hit Jessica but do no damage. Your grab misses Jessica.
Jessica is moderately wounded.
The quokka closely misses you. Jessica hits you with a +0 dagger.
* * * LOW HITPOINT WARNING * * *
The quokka completely misses you.
You hit Jessica. You grab Jessica.
Jessica is heavily wounded.
You constrict Jessica, but do no damage.
Jessica gestures at you while chanting. Pain shoots through your body!
You die...

#.# #..# # ##.######
#..# .# ........#
#..###.#####
##.####.###..#.......###
##[# #..##>...........#
##.#####......#####..#.#
.....# ####..##.?:##...#
.....# #...#.@...#...#
.....# #...#.r@..'...#
.....# #.).#.....#...#
###### #...##???##...#
...# #.)))#####..#.#
...# #<..........#.#
...# #####.......#.#
...# ####...#..# ####
#.##..## #....##


You could see Jessica and a quokka.

Vanquished Creatures
  4 adders
  A dart slug (D:1)
  4 orcs (D:3)
  4 ball pythons
  3 bats
  7 endoplasms
  5 giant cockroaches
  5 goblins
  4 hobgoblins
  4 quokkas
  A frilled lizard (D:1)
  2 kobolds (D:1)
  6 rats
50 creatures vanquished.

Notes
Turn   | Place    | Note
-------+----------+-------------------------------------------
     0 | D:1      | dialectric the Octopode Berserker began the quest for the
                  | Orb.
     0 | D:1      | Reached XP level 1. HP: 16/16 MP: 1/1
   160 | D:1      | Reached XP level 2. HP: 21/21 MP: 2/2
   471 | D:1      | Reached XP level 3. HP: 26/26 MP: 3/3
   559 | D:1      | Reached ** piety under Trog
   855 | D:2      | Found a blossoming altar of Fedhas.
   861 | D:2      | Reached skill level 1 in Stealth
  1044 | D:2      | Found a faded altar of an unknown god.
  1049 | D:2      | Found Xuamp's Armour Shoppe.
  1535 | D:3      | Reached XP level 4. HP: 15/31 MP: 4/4
  1768 | D:3      | Found an opulent altar of Gozag.
  1836 | D:3      | Found Taoxisu's Antique Armour Shoppe.
  1942 | D:3      | Reached skill level 4 in Maces & Flails
  2018 | D:3      | Noticed Jessica
  2026 | D:3      | Killed from afar by Jessica

Illustrated notes

Levels and vault maps discovered:
D:1:      mushboom_english_gardens, layout_basic, minmay_cut_off
D:2:      layout_loops_ring, serial_shops, shop, basic_altar,
          shapermc_ecumenical_altar_gd, kennysheep_pointless_box
D:3:      layout_rooms, grunt_gozag_breadcrumbs, serial_shops,
          nicolae_shop_just_a_little_nook, kennysheep_jessica_study

Skill      XL: |  1  2  3  4 |
---------------+-------------+-----
Stealth        | 1 2 |  2.4
Maces & Flails | 4 |  4.0
Fighting       | |  3.6
Dodging        | |  3.5

Action                     |  1- 3 |  4- 6 || total
---------------------------+-------+-------++-------
  Melee: Mace              |    67 |    27 ||    94
         Tentacles         |    14 |     5 ||    19
         Constrict         |    16 |     7 ||    23
         Punch             |       |     1 ||     1
 Invoke: Berserk           |     1 |     1 ||     2
   Stab: Sleeping          |    10 |     3 ||    13
 Armour: Skin              |    29 |    10 ||    39
  Dodge: Dodged            |    37 |    25 ||    62

Table legend: (Time is in decaauts)
 A = Elapsed time spent in this place.
 B = Non-inter-level travel time spent in this place.
 C = Inter-level travel time spent in this place.
 D = Time resting spent in this place.
 E = Time spent auto-exploring this place.
 F = Levels seen in this place.
 G = Mean time per level.
                   A        B        C        D        E       F      G
               +--------+--------+--------+--------+--------+-----+--------+
         Total |   2062 |   2025 |     37 |      0 |   1664 |   3 |  687.3 |
       Dungeon |   2062 |   2025 |     37 |      0 |   1664 |   3 |  687.3 |
               +--------+--------+--------+--------+--------+-----+--------+

Top non-repeatable levels by time:
     D:1: 864 daAuts
     D:2: 675 daAuts
     D:3: 522 daAuts
